 Dungeon Crawl Stone Soup version 0.19.0-20-gbc5f0c6 (webtiles) character file.

56 toast the Skirmisher (level 3, -3/33 HPs)
             Began as a Minotaur Fighter on Nov 17, 2016.
             Slain by Sigmund
             ... wielding a +0 scythe
              (11 damage)
             ... on level 2 of the Dungeon.
             The game lasted 00:02:34 (826 turns).

toast the Skirmisher (Minotaur Fighter)              Turns: 826, Time: 00:02:35

Health: -3/33      AC:  7    Str: 23    XL:     3   Next: 69%
Magic:  2/2        EV:  7    Int:  5    God:
Gold:   66         SH:  9    Dex:  9    Spells: 0 memorised, 2 levels left

rFire  . . .     SeeInvis .     a - +0 long sword
rCold  . . .     Gourm    .     b - +0 scale mail
rNeg   . . .     Faith    .     c - +0 shield
rPois  .         Spirit   .     (helmet restricted)
rElec  .         Reflect  .     (no cloak)
rCorr  .         Harm     .     (no gloves)
MR     .....                    (no boots)
Stlth  ..........               g - amulet of regeneration
                                (no ring)
                                (no ring)

@: no status effects
A: retaliatory headbutt, horns 2, blurry vision 1, strong 1, evolution 1
a: no special abilities


You were on level 2 of the Dungeon.
You were not hungry.

You visited 1 branch of the dungeon, and saw 2 of its levels.

You collected 66 gold pieces.

Inventory:

Hand Weapons
 a - a +0 long sword (weapon)
Armour
 b - a +0 scale mail (worn)
 c - a +0 shield (worn)
Jewellery
 g - an amulet of regeneration (around neck)
Wands
 m - a wand of teleportation (9/9)
Scrolls
 e - 4 scrolls of identify
 i - a scroll of fog
Potions
 d - a potion of might
 h - a potion of cancellation {unknown}
 k - a potion of invisibility {unknown}
 l - 2 potions of curing {unknown}
Comestibles
 f - 3 bread rations
 j - 10 chunks of flesh


   Skills:
 + Level 4.1 Fighting
 * Level 3.7 Long Blades
 + Level 4.1 Armour
 + Level 4.1 Shields


You had 2 spell levels left.
You didn't know any spells.

Dungeon Overview and Level Annotations

Branches:
Dungeon (2/15)

Altars:

Annotations:
D:2 Sigmund


Innate Abilities, Weirdness & Mutations

You reflexively headbutt those who attack you in melee.
You have a pair of horns on your head.
Scrolls take you a little longer to read.
Your muscles are strong. (Str +2)
You evolve.


Message History

A puff of flame appears from out of thin air!
The puff of flame hits you! Something hits you!
You feel less confused.
You hear a zap.
A puff of flame appears from out of thin air!
The puff of flame misses you.
You slash something! Something hits you.
You miss something. You headbutt something!
You hear a zap.
A puff of flame appears from out of thin air!
The puff of flame hits you!
You miss something. Your headbutt misses something.
Something hits you but does no damage.
You barely miss something. Your headbutt misses something. Something hits you.
* * * LOW HITPOINT WARNING * * *
You hit something. You block something's attack.
Your shield and scale mail prevent you from hitting something.
Your headbutt misses something. Something hits you!
You die...

#..###'#'###...#
#..#...#...#.^.#
#..#.......#...#########
#.####...####..........#
...#.......#..###....#.##
...#.......#..# #...P8.8#
#.####..####.## #.....8.#
..####.####..####...!.8.#
................@...P8.P#
####### #########....#.##
# #......# ##### #....###
....# ...### ≈≈≈.# #.###
≈≈≈P. .. ≈≈≈.# .# ≈≈..#
..


There were no monsters in sight!

Vanquished Creatures
  Jessica (D:2)
  A dart slug (D:2)
  A ball python (D:2)
  5 giant cockroaches
  3 goblins
  A hobgoblin (D:2)
  2 jackals (D:2)
  6 kobolds
  3 bats
  A leopard gecko zombie (D:2)
  2 rats (D:1)
26 creatures vanquished.

Vanquished Creatures (others)
  5 toadstools (D:1)
5 creatures vanquished.

Grand Total: 31 creatures vanquished

Notes
Turn   | Place    | Note
-------+----------+-------------------------------------------
     0 | D:1      | toast the Minotaur Fighter began the quest for the Orb.
     0 | D:1      | Reached XP level 1. HP: 19/19 MP: 0/0
   130 | D:1      | Reached XP level 2. HP: 27/27 MP: 1/1
   151 | D:1      | Gained mutation: Scrolls take you a little longer to read. [potion of mutation]
   151 | D:1      | Gained mutation: Your muscles are strong. (Str +2) [potion of mutation]
   151 | D:1      | Gained mutation: You evolve. [potion of mutation]
   654 | D:2      | Noticed Jessica
   658 | D:2      | Killed Jessica
   658 | D:2      | Reached XP level 3. HP: 21/33 MP: 2/2
   805 | D:2      | Noticed Sigmund
   826 | D:2      | Slain by Sigmund

Skill      XL: |  1  2 |
---------------+-------+-----
Long Blades    | 3 |  3.7
Fighting       | 4 |  4.1
Armour         | 4 |  4.1
Shields        | 4 |  4.1

Action                   || total
-------------------------++-------
Melee: Long sword        ||    64
       Headbutt          ||    11
  Use: Scroll            ||     5
       Potion            ||     1
Armor: Scale mail        ||    31
Dodge: Dodged            ||    25
Block: Shield            ||    30
       Rpst.: Long sword ||     6
